 Dungeon Crawl Stone Soup version 0.19.5 (webtiles) character file.

901 tof the Destroyer (level 7, 0/50 HPs)
             Began as a Red Draconian Conjurer on Mar 13, 2017.
             Slain by a sky beast (5 damage)
             ... on level 5 of the Dungeon.
             The game lasted 00:19:48 (8057 turns).

tof the Destroyer (Red Draconian Conjurer)          Turns: 8057, Time: 00:19:49

Health: 0/50       AC:  9    Str: 10    XL:     7   Next: 80%
Magic:  2/10       EV: 12    Int: 18    God:
Gold:   188        SH:  0    Dex: 11    Spells: 2 memorised, 7 levels left

rFire  . . .     SeeInvis .     v - +0 quarterstaff
rCold  + . .     Gourm    .     (armour unavailable)
rNeg   . . .     Faith    .     (shield currently unavailable)
rPois  .         Spirit   .     (helmet restricted)
rElec  .         Reflect  .     f - +0 cloak
rCorr  .         Harm     .     q - +1 pair of gloves
MR     .....                    (no boots)
Stlth  ++........               (no amulet)
                                (no ring)
                                s - ring of ice

@: no status effects
A: breathe fire, unfitting armour, fire resistance 1, cold-blooded, AC +6
a: Breathe Fire


You were on level 5 of the Dungeon.
You were hungry.

You visited 1 branch of the dungeon, and saw 6 of its levels.

You collected 188 gold pieces.

Inventory:

Hand Weapons
 v - a +0 quarterstaff (weapon)
Armour
 f - a +0 cloak (worn)
 q - a +1 pair of gloves (worn)
Jewellery
 s - a ring of ice (left hand)
Wands
 x - a wand of paralysis (14/24)
Scrolls
 d - 3 scrolls of teleportation {unknown}
 e - 4 scrolls of identify {unknown}
 j - 3 scrolls of enchant armour {unknown}
 m - 2 scrolls of immolation {unknown}
 n - 2 scrolls of remove curse {unknown}
 p - 2 scrolls of blinking {unknown}
 t - a scroll of random uselessness {unknown}
 u - a scroll of fog {unknown}
 w - a scroll of acquirement {unknown}
Potions
 c - 3 potions of curing
 g - 3 potions of might {unknown}
 h - 2 potions of heal wounds {unknown}
 i - 2 potions of lignification {unknown}
 l - 2 potions of flight {unknown}
 o - a potion of haste {unknown}
Books
 a - a book of Conjurations

   Spells                             Type                      Level
   a - Magic Dart                     Conjuration                  1
   b - Searing Ray                    Conjuration                  2
   c - Dazzling Spray                 Conjuration/Hexes            3
   d - Fulminant Prism                Conjuration/Hexes            4
   e - Iskenderun's Mystic Blast      Conjuration                  4
   f - Iskenderun's Battlesphere      Conjuration/Charms           5
Comestibles
 b - 5 bread rations
 k - 2 fruits
 r - a meat ration
 z - a beef jerky
 A - 2 chunks of flesh


   Skills:
 - Level 1.7 Dodging
 - Level 1.7 Stealth
 - Level 0.6 Unarmed Combat
 - Level 2.0 Spellcasting
 * Level 9.7 Conjurations


You had 7 spell levels left.
You knew the following spells:

 Your Spells              Type           Power        Failure   Level  Hunger
a - Magic Dart            Conj           ####         1%          1    #......
b - Searing Ray           Conj           #####.       1%          2    ###....


Dungeon Overview and Level Annotations

Branches:
Dungeon (6/15)
 Temple: D:4-7

Altars:
Cheibriados
Makhleb
Okawaru
Uskayaw
The Shining One

Shops:
D:5 [[=(


Innate Abilities, Weirdness & Mutations

You can breathe blasts of fire.
Your fiery red scales are hard. (AC +6)
You cannot fit into any form of body armour.
Your flesh is heat resistant. (rF+)
You are cold-blooded and may be slowed by cold attacks.


Message History

You hit the sky beast.
The sky beast is severely wounded.
The sky beast flickers out of sight!
Deactivating autopickup; reactivate with Ctrl-A.
Something hits you but does no damage.
Casting: Magic Dart
Confirm with . or Enter, or press ? or * to list all spells.
You can't see any susceptible monsters within range! (Use Z to cast anyway.)
You barely miss something. You tail-slap something. Something hits you.
Something shocks you.
* * * LOW HITPOINT WARNING * * *
You miss something. Something hits you.
* * * LOW HITPOINT WARNING * * *
Something shocks you.
* * * LOW HITPOINT WARNING * * *
Something hits you but does no damage.
You barely miss something. Something hits you.
* * * LOW HITPOINT WARNING * * *
Something shocks you.
You die...

#.#.......##.......### ##..#
#.###.###.###.....## ##.#
#.###.# #.# ##...## #.#
#.##..# #.# ##+## #.#
#.##.## #.# #.# #.#
#.##.####.# #.# #.#
#.........# ##.### #.#
#.∩.....### ##.{..########.#
#.##.##.#####.@............#
#.##.##.#.........##########
#.##.##.#.#####.###
#.##......# ### #.#####.###
#.......# #########


There were no monsters in sight!

Vanquished Creatures
  A phantom (D:4)
  2 ogres
  A centaur (D:5)
  2 crimson imps
  A hound (D:4)
  An orc priest (D:4)
  An iguana (D:6)
  2 orc wizards (D:5)
  5 worker ants
  3 gnolls (D:2)
  4 adders
  A river rat (D:4)
  A shadow imp (D:5)
  An ooze (D:2)
  6 worms
  3 dart slugs
  3 leopard geckos
  22 orcs
  6 bats
  4 giant cockroaches
  7 goblins
  12 hobgoblins
  2 jackals (D:4)
  A quokka (D:3)
  3 ball pythons
  2 frilled lizards (D:2)
  A goblin skeleton (D:4)
  4 hobgoblin zombies (D:4)
  9 kobolds
  A kobold zombie (D:4)
  2 orc zombies (D:4)
  9 rats
123 creatures vanquished.

Notes
Turn   | Place    | Note
-------+----------+-------------------------------------------
     0 | D:1      | tof the Draconian Conjurer began the quest for the Orb.
     0 | D:1      | Reached XP level 1. HP: 14/14 MP: 3/3
   367 | D:1      | Found a snail-covered altar of Cheibriados.
   442 | D:1      | Reached XP level 2. HP: 20/20 MP: 3/5
  1446 | D:2      | Reached XP level 3. HP: 26/26 MP: 3/6
  1723 | D:2      | Reached skill level 5 in Conjurations
  1869 | D:2      | Found a faded altar of an unknown god.
  2011 | D:2      | Reached XP level 4. HP: 31/33 MP: 0/7
  2957 | D:3      | Reached skill level 6 in Conjurations
  3421 | D:3      | Found a faded altar of an unknown god.
  3421 | D:3      | Found an iron altar of Okawaru.
  3426 | D:3      | Found a hide-covered altar of Uskayaw.
  3428 | D:3      | Found a faded altar of an unknown god.
  3429 | D:3      | Found a faded altar of an unknown god.
  3585 | D:3      | Reached XP level 5. HP: 38/38 MP: 6/8
  3645 | D:4      | Noticed an ogre
  3652 | D:4      | Killed an ogre
  3808 | D:4      | Reached skill level 7 in Conjurations
  3941 | D:4      | Noticed a phantom
  4157 | D:4      | Reached XP level 6. HP: 43/45 MP: 3/9
  4449 | D:4      | Learned a level 2 spell: Searing Ray
  4663 | D:4      | Found a glowing golden altar of the Shining One.
  4764 | D:4      | Reached skill level 8 in Conjurations
  5699 | D:2      | Your scales start taking on a fiery red colour.
  5699 | D:2      | Reached XP level 7. HP: 16/50 MP: 2/10
  5699 | D:2      | Gained mutation: Your flesh is heat resistant. (rF+) [Red Draconian growth]
  6142 | D:5      | Entered Level 5 of the Dungeon
  6214 | D:5      | Found Vuphakh's Armour Emporium.
  6762 | D:5      | Found Laq Fowah's Antique Weapon Shop.
  6864 | D:5      | Found Tuud's Antique Armour Boutique.
  7030 | D:5      | Found Cogetz's Jewellery Shop.
  7036 | D:5      | Reached skill level 9 in Conjurations
  7651 | D:5      | Paralysed by an orc for 6 turns
  7902 | D:5      | Found a burning altar of Makhleb.
  8057 | D:5      | Slain by a sky beast

Skill      XL: |  1  2  3  4  5  6  7 |
---------------+----------------------+-----
Conjurations   | 5 6 7 8 9 |  9.7
Dodging        | |  1.7
Stealth        | |  1.7
Unarmed Combat | |  0.6
Spellcasting   | |  2.0

Action                   |  1- 3 |  4- 6 |  7- 9 || total
-------------------------+-------+-------+-------++-------
Melee: Unarmed           |    43 |   117 |       ||   160
       Tailslap          |     3 |    10 |     3 ||    16
       Quarterstaff      |       |       |    13 ||    13
 Cast: Magic Dart        |    73 |   212 |    60 ||   345
       Searing Ray       |       |     4 |     7 ||    11
  Use: Potion            |       |     1 |       ||     1
  Eat: Chunk             |     4 |    11 |     8 ||    23
       Bread ration      |       |     1 |       ||     1
Armor: Skin              |    17 |    61 |    25 ||   103
Dodge: Dodged            |    42 |   111 |    32 ||   185
